 Dungeon Crawl Stone Soup version 0.27-a0-1202-ge72e49191c (webtiles) character file.

Game seed: 18005418866645968204

3287 mordus the Thaumaturge (level 10, -5/75 HPs)
             Began as a Djinni Earth Elementalist on June 2, 2021.
             Was an Initiate of Ashenzari.
             Slain by a wyvern (14 damage)
             ... on level 8 of the Dungeon.
             The game lasted 00:29:49 (8436 turns).

mordus the Thaumaturge (Djinni Earth Elementalist)  Turns: 8436, Time: 00:29:50

Health: -5/75      AC:  9    Str:  7    XL:     10   Next: 20%
Gold:   478        EV: 12    Int: 27    God:    Ashenzari [......] SH:  0 Dex: 13

rFire    + + .     SeeInvis .   u - +2 rapier (venom)
rCold    x . .     Faith    .   (no shield)
rNeg     . . .     Spirit   .   c - +0 robe
rPois    ∞         Reflect  .   (no helmet)
rElec    .         Harm     .   (no cloak)
rCorr    .         Rampage  .   G - +2 pair of gloves
Will     +....                  (boots unavailable)
Stlth    ++........             (no amulet)
HPRegen  0.22/turn              g - ring of the Lashed God {AC+4, Evo, Self} (curse)
MPRegen  0.00/turn              C - +6 ring of intelligence

@: flying
A: sickness immunity, fire resistance 2, cold vulnerability 1, float, innate
caster, hp casting, extra vitality 1
a: Renounce Religion, Curse Item, Shatter the Chains


You were on level 8 of the Dungeon.
You worshipped Ashenzari.
Ashenzari was noncommittal.
You visited 1 branch of the dungeon, and saw 8 of its levels.

You collected 478 gold pieces.

Inventory:

Hand Weapons
 f - a +2 short sword of draining
 o - a +3 dagger
 u - a +2 rapier of venom (weapon)
Missiles
 b - 90 stones
 k - 45 sling bullets
Armour
 c - a +0 robe (worn)
 G - a +2 pair of gloves (worn)
Magical Staves
 F - a staff of death
Jewellery
 g - the cursed ring of the Lashed God (left hand) {AC+4, Evo, Self}
   (You found it on level 1 of the Dungeon)

   [ring of protection]

   It affects your AC (+4).
   It has a curse which improves the following skills: Evocations: Evocations.
   Introspection: Fighting and Spellcasting.
 q - a +4 ring of evasion
 s - a +4 ring of protection
 C - a +6 ring of intelligence (right hand)
Wands
 j - a wand of acid (15)
 v - a wand of iceblast (7)
 A - a wand of polymorph (9)
 D - a wand of paralysis (6)
Scrolls
 a - 9 scrolls of identify
 i - a scroll of noise
 l - 3 scrolls of blinking
 n - 3 scrolls of teleportation
 r - a scroll of enchant weapon
 t - 4 scrolls of magic mapping
 z - a scroll of silence
 E - a scroll of summoning
Potions
 d - 6 potions of curing
 e - 2 potions of attraction
 h - 2 potions of berserk rage
 m - a potion of invisibility
 p - a potion of magic
 w - a potion of mutation
 x - 4 potions of might
 B - a potion of cancellation


   Skills:
 + Level 6.9(7.4) Fighting
 - Level 2.1 Dodging
 - Level 1.5 Stealth
 * Level 8.1(8.6) Spellcasting
 + Level 6.2(6.7) Evocations


You had 2 spell levels left.
You knew the following spells:

 Your Spells              Type           Power      Damage    Failure   Level
a - Sandblast             Erth           100%       2d20      1%          1
b - Passwall              Tmut/Erth      45%        N/A       1%          2
c - Stone Arrow           Conj/Erth      100%       3d13      1%          3
d - Petrify               Tmut/Erth      55%        N/A       1%          4
e - Lee's Rapid Deconstr  Erth           27%        3d16*     3%          5
f - Animate Skeleton      Necr           100%       N/A       1%          1
g - Corpse Rot            Necr/Air       N/A        N/A       1%          2
h - Mephitic Cloud        Conj/Pois/Air  55%        N/A       1%          3
i - Confusing Touch       Hex            55%        N/A       1%          3
Your spell library was empty.

Dungeon Overview and Level Annotations

Branches:
Dungeon (8/15)             Temple (0/1) D:7
   Lair: D:8-11

Altars:
Ashenzari
Uskayaw
Vehumet

Shops:
D:7 *


Innate Abilities, Weirdness & Mutations

You are immune to sickness and miasma.
You are immune to poison.
Your flesh is very heat resistant. (rF++)
You are vulnerable to cold. (rC-)
You float through the air rather than walking.
You learn spells naturally, not from books.
Your magical power is your life essence.
You have superior vitality. (+4 HP)


Message History

Confirm with . or Enter, or press ? or * to list all spells.
Aiming: Stone Arrow (safe; 1% risk of failure)
Press: ? - help, Shift-Dir - straight line, f/p - howler monkey zombie
Aim: a howler monkey zombie (almost destroyed, 89% to hit)
The stone arrow hits the howler monkey zombie!!
You destroy the howler monkey zombie!
Found a stone staircase leading up.
Found a scroll of identify.
b - 90 stones (gained 8)
a - 9 scrolls of identify (gained 1)
A wyvern comes into view.
Casting: Stone Arrow (safe; 1% risk of failure)
Confirm with . or Enter, or press ? or * to list all spells.
Aiming: Stone Arrow (safe; 1% risk of failure)
Press: ? - help, Shift-Dir - straight line, f - wyvern
Aim: a wyvern (78% to hit)
The stone arrow hits the wyvern!
The wyvern is heavily wounded.
The wyvern bites you but does no damage.
The wyvern barely misses you.
You barely miss the wyvern.
The wyvern is heavily wounded.
The wyvern bites you but does no damage.
You hit the wyvern but do no damage.
The wyvern is poisoned.
The wyvern is heavily wounded.
The wyvern barely misses you. The wyvern bites you.
You barely miss the wyvern.
The wyvern is heavily wounded.
The wyvern bites you! The wyvern closely misses you. The wyvern bites you!
You see here a potion of berserk rage.
You hit the wyvern.
The wyvern looks even sicker.
The wyvern is heavily wounded.
The wyvern bites you! x2
You barely miss the wyvern.
The wyvern is severely wounded.
The wyvern bites you!
* * * LOW HITPOINT WARNING * * *
The wyvern bites you!
You die...

##.#....#.###.# #..#
..............###
#...
#......#.......#
##.#
###.#..........#
##.....##...####
.........##.#..
.........##.#.#
.........##.#.######
.<.......##.....@..#
.........##.....l..#
.#.##....##........#
....#....##........#
.##.#....###.?.....#
.# .#....#
#.......... ..
.###### #..........
..### #...........
..# #...........


You could see a wyvern (very poisoned).

Vanquished Creatures
  Pikel (D:5)
  Prince Ribbit (D:8)
  8 yaks
  A water moccasin (D:6)
  An ice beast (D:7)
  A black bear (D:6)
  A sky beast (D:6)
  An ogre (D:6)
  2 necrophages
  3 centaurs
  3 lemures (D:5)
  A phantom (D:6)
  A bullfrog (D:7)
  2 scorpions
  A wyvern skeleton (D:7)
  A howler monkey (D:5)
  A centaur zombie (D:4)
  A bullfrog zombie (D:7)
  A centaur skeleton (D:5)
  2 jellies
  4 orc priests
  A bullfrog skeleton (D:5)
  An iguana (D:4)
  3 orc wizards
  A howler monkey zombie (D:8)
  6 adders
  A shadow imp (D:3)
  4 white imps
  A worm (D:3)
  7 orcs
  5 bats
  2 endoplasms (D:3)
  3 giant cockroaches
  5 goblins
  2 hobgoblins
  7 jackals
  A quokka (D:2)
  7 ball pythons
  4 frilled lizards
  7 kobolds
  3 rats
109 creatures vanquished.

Notes
Turn   | Place    | Note
-------+----------+-------------------------------------------
     0 | D:1      | mordus the Djinni Earth Elementalist began the quest for
                  | the Orb.
     0 | D:1      | Reached XP level 1. HP: 15/15 MP: 0/0
   532 | D:1      | Reached XP level 2. HP: 20/22 MP: 0/0
   727 | D:1      | Reached skill level 1 in Fighting
  1263 | D:2      | Reached XP level 3. HP: 26/27 MP: 0/0
  1263 | D:2      | Learned a level 1 spell: Animate Skeleton
  1359 | D:2      | Reached skill level 3 in Spellcasting
  1755 | D:2      | Found a faded altar of an unknown god.
  2113 | D:3      | Reached XP level 4. HP: 18/33 MP: 0/0
  2470 | D:3      | Found a large runed translucent door.
  2471 | D:3      | Found a large runed translucent door.
  2493 | D:3      | Reached XP level 5. HP: 21/38 MP: 0/0
  2493 | D:3      | Learned a level 2 spell: Corpse Rot
  2658 | D:3      | Found a broken altar of Ashenzari.
  2661 | D:3      | Became a worshipper of Ashenzari the Shackled
  3200 | D:4      | Reached skill level 4 in Spellcasting
  3500 | D:4      | Noticed a necrophage
  3506 | D:4      | Killed a necrophage
  3507 | D:4      | Reached skill level 1 in Evocations
  3507 | D:4      | Reached XP level 6. HP: 40/46 MP: 0/0
  3982 | D:4      | Reached XP level 7. HP: 40/51 MP: 0/0
  3982 | D:4      | Learned a level 3 spell: Mephitic Cloud
  4342 | D:5      | Entered Level 5 of the Dungeon
  4673 | D:5      | Noticed Pikel
  4682 | D:5      | Reached skill level 5 in Spellcasting
  4693 | D:5      | Killed Pikel
  4694 | D:5      | Reached XP level 8. HP: 29/59 MP: 0/0
  4969 | D:5      | Noticed a yak
  4970 | D:5      | Identified the +1 plate armour "Kokh" {Dex+4}
  4979 | D:5      | Noticed a yak
  4979 | D:5      | Noticed a yak
  4979 | D:5      | Noticed a yak
  4987 | D:5      | Killed a yak
  4988 | D:5      | Reached skill level 6 in Spellcasting
  5014 | D:5      | Killed a yak
  5015 | D:5      | Reached skill level 5 in Fighting
  5016 | D:5      | Killed a yak
  5026 | D:5      | Killed a yak
  5027 | D:5      | Reached XP level 9. HP: 6/66 MP: 0/0
  5027 | D:5      | Learned a level 3 spell: Confusing Touch
  6078 | D:6      | Reached skill level 7 in Spellcasting
  6155 | D:6      | Reached skill level 5 in Evocations
  6758 | D:6      | Identified the +2 robe "Boblo" {Rampage rC+++ Str-3}
  7042 | D:7      | Found Sobaerph's Elemental Accessories.
  7167 | D:7      | Found a staircase to the Ecumenical Temple.
  7264 | D:7      | Found a hide-covered altar of Uskayaw.
  7933 | D:8      | Reached XP level 10. HP: 56/75 MP: 0/0
  7937 | D:8      | Noticed Prince Ribbit
  7955 | D:8      | Killed Prince Ribbit
  7956 | D:8      | Reached skill level 8 in Spellcasting
  8436 | D:8      | Slain by a wyvern

Illustrated notes

Levels and vault maps discovered:
D:1:      dpeg_arrival_more_subterranean_lakeside_camping, layout_loops_ring
D:2:      layout_basic, hellmonk_ecumenical_altar_heavens_door
D:3:      layout_loops_cross, jmf_multi_god_temple2, serial_aquarium,
          aquarium_bridge_square [aquarium_subvault_wall,
          aquarium_subvault_window, aquarium_subvault_bridge,
          aquarium_subvault_wall], aquarium_window_fake, aquarium_window_1,
          aquarium_window_corner, aquarium_view_2e, aquarium_pool_corner,
          minmay_crystal_water, minmay_goblin_kobold_house
D:4:      layout_cave_pods
D:5:      layout_basic, uniq_pikel
D:6:      layout_gridville
D:7:      layout_gridville, kennysheep_little_box, minmay_temple_entry_waves,
          nicolae_elemental_shop
D:8:      layout_basic, uniq_prince_ribbit1

Skill      XL: |  1  2  3  4  5  6  7  8  9 10 |
---------------+-------------------------------+-----
Fighting       | 1 2 3 4 5 6 |  6.9
Spellcasting   | 3 4 5 6 7 8 |  8.1
Evocations     | 1 3 4 5 6 |  6.2
Dodging        | |  2.1
Stealth        | |  1.5

Action                   |  1- 3 |  4- 6 |  7- 9 | 10-12 || total
-------------------------+-------+-------+-------+-------++-------
Melee: Short sword       |    44 |    49 |    14 |       ||   107
       Rapier            |       |       |    46 |     5 ||    51
 Cast: Sandblast         |    25 |    38 |    49 |       ||   112
       Animate Skeleton  |     1 |     2 |     1 |       ||     4
       Stone Arrow       |       |     4 |    18 |     8 ||    30
       Mephitic Cloud    |       |       |     9 |     1 ||    10
       Corpse Rot        |       |       |       |     1 ||     1
Invok: Curse Item        |       |     1 |       |       ||     1
  Use: Scroll            |       |       |       |     1 ||     1
 Stab: Sleeping          |     1 |       |       |       ||     1
Armor: Robe              |    19 |    23 |    24 |     2 ||    68
Dodge: Dodged            |    38 |    40 |    70 |     4 ||   152

Table legend: (Time is in decaauts)
 A = Elapsed time spent in this place.
 B = Non-inter-level travel time spent in this place.
 C = Inter-level travel time spent in this place.
 D = Time resting spent in this place.
 E = Time spent auto-exploring this place.
 F = Levels seen in this place.
 G = Mean time per level.
                   A        B        C        D        E       F      G
               +--------+--------+--------+--------+--------+-----+--------+
         Total |   8452 |   8223 |    229 |   1951 |   5221 |   8 | 1056.5 |
       Dungeon |   8452 |   8223 |    229 |   1951 |   5221 |   8 | 1056.5 |
               +--------+--------+--------+--------+--------+-----+--------+

Top non-repeatable levels by time:
     D:5: 1432 daAuts
     D:3: 1366 daAuts
     D:7: 1335 daAuts
     D:4: 1159 daAuts
     D:6: 1090 daAuts
     D:1: 1045 daAuts
     D:2: 777 daAuts
     D:8: 245 daAuts
